 Dungeon Crawl Stone Soup version 0.19.3 (webtiles) character file.

226 Gargoyl the Skirmisher (level 6, 0/52 HPs)
             Began as a Ghoul Abyssal Knight on Jan 23, 2017.
             Was a Believer of Lugonu.
             Slain by a water moccasin (3 damage)
             ... on level 4 of the Dungeon.
             The game lasted 00:05:10 (2850 turns).

Gargoyl the Skirmisher (Ghoul Abyssal Knight)       Turns: 2850, Time: 00:05:10

Health: 0/52       AC: 11    Str: 16    XL:     6   Next: 1%
Magic:  7/7        EV:  5    Int:  7    God:    Lugonu [**....]
Gold:   211        SH:  0    Dex: 10    Spells: 0 memorised, 5 levels left

rFire  . . .     SeeInvis .     a - +2 hand axe
rCold  + + .     Gourm    .     d - +0 plate armour
rNeg   + + +     Faith    .     (no shield)
rPois  ∞         Spirit   .     (no helmet)
rElec  .         Reflect  .     (no cloak)
rCorr  .         Harm     .     (no gloves)
MR     .....                    (no boots)
Stlth  ..........               (no amulet)
                                (no ring)
                                e - ring of protection from cold

@: flying, rotting
A: rotting body, claws 1, carnivore 3, cold resistance 1, negative energy
resistance 3, slow regeneration 1, torment resistance, unbreathing
a: Depart the Abyss, Bend Space, Renounce Religion


You were on level 4 of the Dungeon.
You worshipped Lugonu.
Lugonu was pleased with you.
You were not hungry.

You visited 1 branch of the dungeon, and saw 4 of its levels.
You visited the Abyss 1 time.

You collected 211 gold pieces.

Inventory:

Hand Weapons
 a - a +2 hand axe (weapon)
Missiles
 x - a poisoned tomahawk (quivered)
Armour
 d - a +0 plate armour (worn)
Jewellery
 e - a ring of protection from cold (left claw)
 h - an uncursed ring of ice
Scrolls
 b - 9 scrolls of identify
 f - a scroll of remove curse {unknown}
 g - 3 scrolls of enchant weapon
 i - 2 scrolls of noise {unknown}
 j - 2 scrolls of recharging {unknown}
 k - a scroll of random uselessness {unknown}
 m - 3 scrolls of fog {unknown}
 n - a scroll of immolation {unknown}
 o - 2 scrolls of teleportation {unknown}
 p - 2 scrolls of amnesia {unknown}
 q - 2 scrolls of fear {unknown}
 r - a scroll of blinking {unknown}
 s - a scroll of enchant armour {unknown}
 y - 2 scrolls of magic mapping {unknown}
Potions
 t - a potion of cancellation
 v - a potion of brilliance {unknown}
 z - a potion of cure mutation
Books
 u - a book of Maledictions

   Spells                             Type                      Level
   a - Corona                         Hexes                        1
   b - Ensorcelled Hibernation        Hexes/Ice                    2
   c - Confuse                        Hexes                        3
   d - Tukima's Dance                 Hexes                        3
   e - Dazzling Spray                 Conjuration/Hexes            3
Comestibles
 c - 3 meat rations
 w - 2 chunks of flesh
 B - 2 beef jerkies


   Skills:
 + Level 4.1 Fighting
 + Level 3.6 Axes
 * Level 3.3 Armour
 + Level 1.0 Dodging
 * Level 3.0 Invocations


You had 5 spell levels left.
You didn't know any spells.

Dungeon Overview and Level Annotations

Branches:
Dungeon (4/15)             Temple (0/1) D:4

Altars:


Innate Abilities, Weirdness & Mutations

Your body is rotting away.
You thrive on raw meat.
You are immune to poison.
You have sharp fingernails.
You are carnivorous and can eat meat at any time.
Your flesh is cold resistant. (rC+)
You are immune to negative energy. (rN+++)
You regenerate slowly when monsters are visible.
You are immune to unholy pain and torment.
You can survive without breathing.


Message History

The water moccasin barely misses you.
You miss the water moccasin.
The water moccasin is almost dead.
The water moccasin bites you.
* * * LOW HITPOINT WARNING * * *
You closely miss the water moccasin.
The water moccasin is almost dead.
The water moccasin bites you but does no damage.
The water moccasin bites you.
* * * LOW HITPOINT WARNING * * *
It was a potion of cure mutation.
It has a very clean taste.
The water moccasin bites you.
* * * LOW HITPOINT WARNING * * *
It was a potion of cancellation.
You feel magically purged. The water moccasin barely misses you.
The water moccasin bites you but does no damage.
It was a potion of flight.
You feel very buoyant.
You fly up into the air.
The water moccasin bites you.
You die...

#..≈§§§ .§≈§§§≈
###.≈.§.≈.
#.'..≈.≈.≈ #.'...≈..
#.'..≈.≈. ###
#.#.≈...≈ #.#
#S#..≈.≈. #.#
##@##..≈... #.#
######..###..≈.≈
#.###.........##..≈§
###.#...#########
#..≈ ##.....###
####.. ###..#.###
###..# .....#.#
#...## ####...#
####.###
###.########....#


You could see a water moccasin.

Vanquished Creatures
  Ijyb (D:3)
  2 worker ants (D:4)
  5 adders
  2 oozes
  2 worms (D:2)
  4 dart slugs (D:1)
  4 leopard geckos
  10 orcs
  4 giant cockroaches
  4 goblins
  6 hobgoblins
  10 jackals
  6 kobolds
  A quokka (D:2)
  4 bats
  3 frilled lizards
  A quokka skeleton (D:4)
  3 rats
72 creatures vanquished.

Notes
Turn   | Place    | Note
-------+----------+-------------------------------------------
     0 | Abyss:1  | Gargoyl the Ghoul Abyssal Knight began the quest for the Orb.
     0 | Abyss:1  | Reached XP level 1. HP: 19/19 MP: 1/1
   113 | Abyss:1  | Noticed a large abomination
   122 | Abyss:1  | Noticed a shadow
   124 | D:1      | Escaped the Abyss
   226 | D:1      | Reached XP level 2. HP: 24/26 MP: 2/2
   344 | D:1      | Reached * piety under Lugonu
   435 | D:1      | Reached skill level 1 in Dodging
   435 | D:1      | Reached XP level 3. HP: 33/33 MP: 3/3
  1314 | D:2      | Reached XP level 4. HP: 40/40 MP: 4/4
  1956 | D:3      | Reached ** piety under Lugonu
  2076 | D:3      | Noticed Ijyb
  2098 | D:3      | Killed Ijyb
  2098 | D:3      | Reached XP level 5. HP: 42/46 MP: 5/5
  2110 | D:3      | Reached skill level 4 in Fighting
  2191 | D:3      | Found a faded altar of an unknown god.
  2667 | D:4      | Found a staircase to the Ecumenical Temple.
  2792 | D:4      | Reached XP level 6. HP: 31/52 MP: 7/7
  2818 | D:4      | Noticed a water moccasin
  2848 | D:4      | HP: 2/52 [water moccasin (2)]
  2850 | D:4      | Slain by a water moccasin

Skill      XL: |  1  2  3  4  5 |
---------------+----------------+-----
Armour         | 2 3 |  3.3
Axes           | 2 3 |  3.6
Dodging        | 1 |  1.0
Fighting       | 4 |  4.1
Invocations    | 3 |  3.0

Action                   |  1- 3 |  4- 6 || total
-------------------------+-------+-------++-------
Melee: Hand axe          |   114 |   170 ||   284
Invok: Depart the Abyss  |     1 |       ||     1
  Use: Scroll            |     2 |       ||     2
       Potion            |       |     4 ||     4
  Eat: Chunk             |    14 |    13 ||    27
Armor: Plate armour      |   105 |   134 ||   239
Dodge: Dodged            |    26 |    48 ||    74
